 Dungeon Crawl Stone Soup version 0.29-a0-323-g050149af67 (webtiles) character file.

Game seed: 14674628984121396119

84 Ajdolov the Skirmisher (level 4, -4/38 HPs)
             Began as a Barachi Monk on Apr 10, 2022.
             Slain by an orc
             ... wielding a +0 flail
              (9 damage)
             ... on level 2 of the Dungeon.
             The game lasted 00:04:28 (2973 turns).

Ajdolov the Skirmisher (Barachi Monk)               Turns: 2973, Time: 00:04:29

Health: -4/38      AC:  2    Str: 12    XL:     4   Next: 46%
Magic:  4/4        EV: 13    Int: 13    God:
Gold:   82         SH:  0    Dex: 14    Spells: 3/3 levels left

rFire   . . .      SeeInvis .   a - +0 spear
rCold   . . .      Faith    .   (no shield)
rNeg    . . .      Spirit   .   b - +0 robe
rPois   .          Reflect  .   l - +0 hat
rElec   .          Harm     .   (no cloak)
rCorr   .          Rampage  .   (no gloves)
Will    .....                   (no boots)
Stlth   ++........              (no amulet)
HPRegen 0.12/turn               (no ring)
MPRegen 0.09/turn               (no ring)

@: slow
A: amphibious, slowness 1, strong legs 1, +LOS
a: Hop


You were on level 2 of the Dungeon.
You visited 1 branch of the dungeon, and saw 3 of its levels.

You collected 82 gold pieces.

Inventory:

Hand Weapons
 a - a +0 spear (weapon)
Armour
 b - a +0 robe (worn)
 l - a +0 hat (worn)
Jewellery
 p - a ring of magical power
Scrolls
 g - a scroll of fear {unknown}
 h - 4 scrolls of teleportation {unknown}
 j - a scroll of enchant armour {unknown}
 k - 2 scrolls of identify {unknown}
 o - 2 scrolls of vulnerability {unknown}
Potions
 c - a potion of mutation {unknown}
 d - a potion of cancellation {unknown}
 e - a potion of degeneration {unknown}
 f - 2 potions of heal wounds {unknown}
 i - a potion of haste {unknown}
 m - a potion of flight {unknown}
 n - a potion of curing {unknown}
 q - 2 potions of resistance {unknown}


   Skills:
 + Level 4.6 Fighting
 * Level 4.5 Polearms
 - Level 3.2 Dodging
 - Level 1.7 Stealth


You had 3 spell levels left.
You didn't know any spells.
Your spell library contained the following spells:

 Spells                   Type           Power      Damage    Failure   Level
 Animate Skeleton         Necr           0%         N/A       30%         1
 Apportation              Tloc           0%         N/A       30%         1
 Freeze                   Ice            0%         1d3       30%         1
 Summon Small Mammal      Summ           0%         N/A       30%         1
 Frozen Ramparts          Ice            0%         1d2       67%         3
 Hailstorm                Conj/Ice       0%         3d3       97%         4


Dungeon Overview and Level Annotations

Branches:
Dungeon (3/15)

Altars:


Innate Abilities, Weirdness & Mutations

You are amphibious.
You cover ground slowly.
You can hop short distances.
You have an extended range of vision and can be seen from far away.


Message History

The orc is heavily wounded.
The orc hits you with a +0 short sword. The orc barely misses you.
The orc attacks as you move away! The orc barely misses you.
The orc attacks as you move away!
The orc hits you with a +0 short sword. x2
You hit the orc.
The orc is severely wounded.
You barely miss the orc.
The orc is severely wounded.
The orc closely misses you.
You hit the orc.
You kill the orc!
You hit the orc but do no damage.
The orc is moderately wounded.
The orc misses you.
You hit the orc but do no damage.
The orc is moderately wounded.
The orc closely misses you.
You hit the orc but do no damage.
The orc is moderately wounded.
The orc barely misses you.
You hit the orc but do no damage.
The orc is moderately wounded.
The orc misses you.
You hit the orc but do no damage.
The orc is moderately wounded.
You hit the orc but do no damage.
The orc is moderately wounded.
The orc hits you with a +0 flail.
* * * LOW HITPOINT WARNING * * *
You closely miss the orc.
The orc is lightly wounded.
The orc barely misses you.
You hit the orc.
The orc is moderately wounded.
The orc hits you with a +0 flail.
* * * LOW HITPOINT WARNING * * *
You hit the orc but do no damage.
The orc is moderately wounded.
The orc hits you with a +0 flail!
You die...

####.####..#.##.##.....# #.#..
#...............##.....# #....
#.##.)....##...........# ###..
#.##....########.......# #..
#.####..# #.#.....## #(.
#.####..########........# #..
#.......#.....##........######..
#######.##.....##................
#.......##....>o@..#...#.........
#.####..##.....##................
#.##....##.....###.#.#..#.#####..
#.##.#.###########.#......# #..
#.##.#.# #............### #..
#......# ##.#####.###.## #..
####.### #.....##.# #[# #.. #.#
#..##.##.# #.# #..
#.######..##.##.###.# #..


You could see an orc.

Vanquished Creatures
  An adder (D:2)
  2 worms (D:2)
  2 dart slugs (D:2)
  2 orcs
  3 endoplasms
  4 giant cockroaches
  8 hobgoblins (D:2)
  2 jackals (D:1)
  8 kobolds
  6 quokkas
  8 ball pythons
  A bat (D:2)
  3 frilled lizards
  3 goblins
  5 rats
58 creatures vanquished.

Notes
Turn   | Place    | Note
-------+----------+-------------------------------------------
     0 | D:1      | Ajdolov the Barachi Monk began the quest for the Orb.
     0 | D:1      | Reached XP level 1. HP: 18/18 MP: 1/1
   412 | D:1      | Reached XP level 2. HP: 20/25 MP: 2/2
   615 | D:1      | Found a faded altar of an unknown god.
  1358 | D:2      | Reached XP level 3. HP: 28/30 MP: 3/3
  2391 | D:2      | Reached XP level 4. HP: 37/38 MP: 4/4
  2973 | D:2      | Slain by an orc

Illustrated notes

Levels and vault maps discovered:
D:1:      psy_arrival_heroes, layout_basic, ebering_ecumenical_altar_ruins
D:2:      minmay_thinvault, layout_loops_cross
D:3:      layout_loops_ring, minmay_bisected, uniq_crazy_yiuf_cottage

Skill      XL: |  1  2  3 |
---------------+----------+-----
Fighting       | 4 |  4.6
Polearms       | 4 |  4.5
Dodging        | |  3.2
Stealth        | |  1.7

Action                   |  1- 3 |  4- 6 || total
-------------------------+-------+-------++-------
Melee: Spear             |   176 |    88 ||   264
       Punch             |     1 |       ||     1
 Abil: Hop               |     1 |       ||     1
  Use: Potion            |     1 |       ||     1
 Stab: Sleeping          |     4 |     2 ||     6
Armor: Robe              |    15 |     7 ||    22
Dodge: Dodged            |    86 |    46 ||   132

Table legend: (Time is in decaauts)
 A = Elapsed time spent in this place.
 B = Non-inter-level travel time spent in this place.
 C = Inter-level travel time spent in this place.
 D = Time resting spent in this place.
 E = Time spent auto-exploring this place.
 F = Levels seen in this place.
 G = Mean time per level.
                   A        B        C        D        E       F      G
               +--------+--------+--------+--------+--------+-----+--------+
         Total |   3240 |   3104 |    136 |      0 |   2539 |   3 | 1080.0 |
       Dungeon |   3240 |   3104 |    136 |      0 |   2539 |   3 | 1080.0 |
               +--------+--------+--------+--------+--------+-----+--------+

Top non-repeatable levels by time:
     D:2: 1950 daAuts
     D:1: 1254 daAuts
     D:3: 36 daAuts
